 Dungeon Crawl Stone Soup version 0.23.2-40-g277498a (webtiles) character file.

Game seed: 718727482937070168

1375 CrazyJ the Caller (level 8, 0/66 HPs)
             Began as a Red Draconian Summoner on Sept 15, 2019.
             Succumbed to a killer bee's poison
             ... on level 8 of the Dungeon.
             The game lasted 00:52:49 (7922 turns).

CrazyJ the Caller (Red Draconian Summoner)          Turns: 7922, Time: 00:52:50

Health: 0/66       AC:  7    Str: 11    XL:     8   Next: 39%
Magic:  2/14       EV: 13    Int: 17    God:
Gold:   274        SH:  0    Dex: 12    Spells: 2/15 levels left

rFire    + . .     SeeInvis .   l - +0 halberd
rCold    . . .     Gourm    .   (shield currently unavailable)
rNeg     . . .     Faith    .   (armour unavailable)
rPois    .         Spirit   .   (helmet restricted)
rElec    .         Reflect  .   v - +0 cloak
rCorr    .         Harm     .   (no gloves)
MR       .....                  (no boots)
Stlth    +++.......             (no amulet)
HPRegen  0.21/turn              r - ring of stealth
MPRegen  0.14/turn              (no ring)

@: lethally poisoned (0 -> -1), short of breath, very slightly contaminated
A: breathe fire, unfitting armour, big wings, hooves 1, fire resistance 1,
cold-blooded, AC +6
a: Breathe Fire, Fly


You were on level 8 of the Dungeon.
You were hungry.

You visited 1 branch of the dungeon, and saw 8 of its levels.

You collected 274 gold pieces.

Inventory:

Hand Weapons
 g - a +0 hand axe
 l - a +0 halberd (weapon)
 m - a +0 spear
 o - a +0 spear
 u - a +2 quarterstaff of chaos
 C - a +0 trident
Missiles
 f - 127 stones (quivered)
 j - 42 sling bullets
 k - 7 javelins
 H - 13 poisoned needles
Armour
 v - a +0 cloak (worn)
 w - a cursed +0 buckler
 B - a +0 pair of gloves
Magical Staves
 d - an uncursed staff of power
 A - an uncursed staff of wizardry
Jewellery
 r - a ring of stealth (left hand)
Wands
 t - a wand of flame (13)
 x - a wand of clouds (7)
 D - a wand of polymorph (6)
 G - a wand of digging (3)
Scrolls
 a - 14 scrolls of identify
 i - 3 scrolls of amnesia
 n - 4 scrolls of remove curse
Potions
 p - a potion of magic
 s - 2 potions of brilliance
Comestibles
 b - 7 rations
 q - 3 chunks of flesh


   Skills:
 + Level 3.8 Fighting
 + Level 2.9 Polearms
 + Level 3.7 Dodging
 - Level 1.7 Stealth
 + Level 2.4 Shields
 + Level 4.0 Spellcasting
 + Level 2.2 Hexes
 * Level 6.7 Summonings
 * Level 2.0 Ice Magic


You had 2 spell levels left.
You knew the following spells:

 Your Spells              Type           Power        Failure   Level  Hunger
a - Summon Small Mammal   Summ           ####         1%          1    None
b - Call Imp              Summ           ####....     1%          2    ##.....
c - Call Canine Familiar  Summ           ####....     3%          3    ###....
d - Summon Guardian Gole  Hex/Summ       ###.....     8%          3    ###....
e - Summon Ice Beast      Ice/Summ       ###.....     26%         4    ####...

Your spell library contained the following spells:

 Spells                   Type           Power        Failure   Level  Hunger
 Animate Skeleton         Necr           N/A          16%         1    None
 Pain                     Necr           #...         16%         1    None
 Summon Lightning Spire   Summ/Air       ##......     36%         4    ####...
 Regeneration             Chrm/Necr      #.........   43%         3    ###....
 Vampiric Draining        Necr           #.........   43%         3    ###....
 Animate Dead             Necr           N/A          83%         4    ####...


Dungeon Overview and Level Annotations

Branches:
Dungeon (8/15)
 Temple: D:4-7         Lair: D:8-11

Altars:
Fedhas
Okawaru
Trog
Yredelemnul

Shops:
D:5 :

Annotations:
D:3 pancakes's ghost, amateur OgWz
D:6 1 runed translucent door, JPVeigar's ghost, amateur MiFi
D:8 Erica


Innate Abilities, Weirdness & Mutations

You can breathe blasts of fire.
Your fiery red scales are hard. (AC +6)
You cannot fit into any form of body armour.
Your flesh is heat resistant. (rF+)
You are cold-blooded and may be slowed by cold attacks.
Your large and strong wings let you fly indefinitely.
You have large cloven feet.


Message History

Something barely misses your guardian golem.
Your guardian golem overheats!
The hound misses you.
A hound comes into view.
The river rat barely misses you.
The worker ant bites you but does no damage.
The hound barely misses you.
Erica the Fiery-Tempered comes into view.
She is wielding a +3 scimitar of flaming, wearing a +2 robe of magic resistance and carrying a wand of acid (9).
The hound bites you.
* * * LOW HITPOINT WARNING * * *
The river rat bites you but does no damage.
The hound bites you.
* * * LOW HITPOINT WARNING * * *
Found 10 gold pieces.
Found a stone staircase leading down.
A bullfrog skeleton comes into view.
The hound misses you.
Okay, then.
Okay, then.
An ice beast comes into view.
You die...

.. #. #.## #.
... .. ##.. #.#
Y.##...####!.#.
.Z...>.........
#..#..@.# .#
......$h.##O#
....####h#§§#
### #ra8§§.....
# #§§§####..#
#. ##§§@§ #
####.##.§§#§
#..$.....##.#
##<.# =.


You could see an ice beast (sleeping), 2 hounds, a worker ant, a river rat and a
bullfrog skeleton (dormant).

Vanquished Creatures
  A wraith (D:6)
  A black bear (D:7)
  4 bullfrogs
  A water moccasin zombie (D:5)
  A jelly (D:6)
  A bullfrog zombie (D:6)
  Crazy Yiuf (D:3)
  A bullfrog skeleton (D:5)
  An iguana (D:4)
  2 worker ants
  A hound zombie (D:6)
  2 worker ant zombies (D:6)
  3 gnolls
  3 adders
  2 shadow imps
  An adder skeleton (D:4)
  A dart slug (D:3)
  4 leopard geckos
  10 orcs
  A giant cockroach (D:2)
  3 goblins (D:1)
  3 hobgoblins
  A jackal (D:4)
  3 kobolds
  A quokka (D:4)
  A ball python (D:3)
  5 bats
  6 frilled lizards
  A giant cockroach zombie (D:5)
  4 rats
70 creatures vanquished.

Vanquished Creatures (collateral kills)
  Sigmund (D:3)
  Duvessa (D:6)
  An orc warrior (D:6)
  A centaur (D:6)
  Dowan (D:6)
  A scorpion (D:5)
  A bullfrog skeleton (D:6)
  An orc priest (D:4)
  4 orc wizards
  3 worker ants
  9 gnolls
  8 adders
  A shadow imp (D:5)
  2 oozes
  2 dart slugs
  5 orcs
  3 goblins
  2 hobgoblins
  6 jackals
  3 quokkas
  A ball python (D:3)
  A bat (D:1)
  A frilled lizard (D:2)
  3 kobolds
  3 rats
65 creatures vanquished.

Vanquished Creatures (others)
  A plant (D:4)
1 creature vanquished.

Grand Total: 136 creatures vanquished

Notes
Turn   | Place    | Note
-------+----------+-------------------------------------------
     0 | D:1      | CrazyJ the Draconian Summoner began the quest for the Orb.
     0 | D:1      | Reached XP level 1. HP: 14/14 MP: 3/3
   435 | D:1      | Reached XP level 2. HP: 19/22 MP: 5/5
   729 | D:1      | Learned a level 2 spell: Call Imp
  1076 | D:2      | Reached skill level 1 in Fighting
  1096 | D:2      | Reached XP level 3. HP: 18/28 MP: 1/6
  1139 | D:2      | Found a faded altar of an unknown god.
  1444 | D:2      | Learned a level 3 spell: Call Canine Familiar
  1805 | D:2      | Reached XP level 4. HP: 21/35 MP: 1/7
  2078 | D:3      | Noticed Sigmund
  2109 | D:3      | Killed Sigmund
  2109 | D:3      | Reached skill level 1 in Polearms
  2109 | D:3      | Reached skill level 5 in Summonings
  2109 | D:3      | Reached XP level 5. HP: 8/41 MP: 2/9
  2442 | D:3      | Found an iron altar of Okawaru.
  2656 | D:3      | Found a runed translucent door.
  2657 | D:3      | Noticed Crazy Yiuf
  2673 | D:3      | Killed Crazy Yiuf
  3236 | D:4      | Reached XP level 6. HP: 33/50 MP: 1/10
  3347 | D:4      | Learned a level 3 spell: Summon Guardian Golem
  3415 | D:4      | Found a runed translucent door.
  3421 | D:4      | Noticed pancakes's ghost (amateur OgWz)
  3745 | D:4      | Found a bloodstained altar of Trog.
  4085 | D:3      | Reached skill level 1 in Shields
  5031 | D:5      | Entered Level 5 of the Dungeon
  5093 | D:5      | Reached skill level 1 in Hexes
  5093 | D:5      | Your scales start taking on a fiery red colour.
  5093 | D:5      | Reached XP level 7. HP: 26/57 MP: 10/12
  5093 | D:5      | Gained mutation: Your flesh is heat resistant. (rF+) [Red
                  | Draconian growth]
  5484 | D:5      | Found Getoajot's Book Shoppe.
  5548 | D:5      | Found an iron altar of Okawaru.
  5548 | D:5      | Found a basalt altar of Yredelemnul.
  5740 | D:5      | Found a blossoming altar of Fedhas.
  5917 | D:6      | Reached skill level 6 in Summonings
  6034 | D:6      | Found a runed translucent door.
  6053 | D:6      | Learned a level 4 spell: Summon Ice Beast
  6058 | D:6      | Noticed Dowan
  6059 | D:6      | Noticed Duvessa
  6277 | D:6      | Killed Dowan
  6429 | D:6      | Gained mutation: You occasionally shout uncontrollably at
                  | your foes. [potion of mutation]
  6429 | D:6      | Gained mutation: You evolve. [potion of mutation]
  6430 | D:6      | Lost mutation: You evolve. [potion of mutation]
  6430 | D:6      | Lost mutation: You occasionally shout uncontrollably at
                  | your foes. [potion of mutation]
  6430 | D:6      | Gained mutation: You have large cloven feet. [potion of
                  | mutation]
  6430 | D:6      | Gained mutation: Your large and strong wings let you fly
                  | indefinitely. [potion of mutation]
  6540 | D:6      | Killed Duvessa
  6757 | D:6      | Noticed a wraith
  6832 | D:6      | Reached skill level 1 in Ice Magic
  6906 | D:6      | Killed a wraith
  6906 | D:6      | Reached XP level 8. HP: 25/63 MP: 2/13
  7348 | D:6      | Noticed JPVeigar's ghost (amateur MiFi)
  7919 | D:8      | Noticed Erica
  7920 | D:8      | HP: 1/66 [hound (3)]
  7922 | D:8      | Succumbed to a killer bee's poison

Skill      XL: |  1  2  3  4  5  6  7  8 |
---------------+-------------------------+-----
Dodging        | 2 3 |  3.7
Fighting       | 1 2 3 |  3.8
Polearms       | 1 2 |  2.9
Summonings     | 5 6 |  6.7
Spellcasting   | 3 4 |  4.0
Shields        | 1 2 |  2.4
Hexes          | 1 2 |  2.2
Ice Magic      | 1 2 |  2.0
Stealth        | |  1.7

Action                   |  1- 3 |  4- 6 |  7- 9 || total
-------------------------+-------+-------+-------++-------
Melee: Hand axe          |    62 |       |       ||    62
       Unarmed           |     8 |       |       ||     8
       Tailslap          |    12 |     9 |     9 ||    30
       Halberd           |    19 |   131 |   118 ||   268
       Quarterstaff      |       |     1 |       ||     1
       Kick              |       |       |    16 ||    16
 Cast: Summon Small Mamm |     7 |     2 |     1 ||    10
       Call Imp          |    10 |    18 |    18 ||    46
       Call Canine Famil |     1 |    25 |    18 ||    44
       Summon Guardian G |       |     2 |    14 ||    16
 Abil: Breathe Fire      |       |       |     7 ||     7
Evoke: Wand              |       |       |     2 ||     2
  Use: Potion            |     2 |     2 |    10 ||    14
       Scroll            |       |     5 |     7 ||    12
 Stab: Distracted        |       |     2 |     1 ||     3
       Sleeping          |       |     3 |     2 ||     5
  Eat: Chunk             |     3 |    12 |     6 ||    21
       Ration            |       |     1 |     2 ||     3
Armor: Skin              |    45 |    48 |    57 ||   150
Dodge: Dodged            |   100 |   125 |   121 ||   346
